 Dungeon Crawl Stone Soup version 0.17-a0-1642-gd4b747b (webtiles) character file.

20 thrall606 the Stinger (level 2, 19/19 HPs)
             Began as a Demonspawn Venom Mage on Aug 5, 2015.
             Quit the game on level 1 of the Dungeon on Aug 8, 2015.
             The game lasted 00:04:25 (845 turns).

thrall606 the Stinger (Demonspawn Venom Mage)        Turns: 845, Time: 00:04:25

Health: 19/19      AC:  3    Str: 13    XL:     2   Next: 58%
Magic:  3/5        EV: 12    Int: 16    God:
Gold:   66         SH:  0    Dex: 15    Spells: 1 memorised, 4 levels left

rFire  . . .     SeeInvis .     e - +0 club
rCold  + . .     Clarity  .     a - +1 robe
rNeg   . . .     SustAt   .     (no shield)
rPois  .         Gourm    .     (no helmet)
rElec  .         Spirit   .     (no cloak)
rCorr  .         Warding  .     (no gloves)
rMut   .         Rnd*Tele +     (no boots)
MR     .....                    (no amulet)
Stlth  ++........               (no ring)
                                (no ring)

@: mighty, not resistant to hostile enchantments, unstealthy
A: agile 1, cold resistance 1, deterioration 1, teleportitis 1
a: no special abilities


You were on level 1 of the Dungeon.
You were not hungry.

You visited 1 branch of the dungeon, and saw 1 of its levels.

You collected 66 gold pieces.

Inventory:

Hand weapons
 e - a +0 club (weapon)
 g - a +0 spear
Armour
 a - a +1 robe (worn)
 d - a -1 robe
Scrolls
 h - 2 scrolls of identify
Books
 b - a Young Poisoner's Handbook

   Spells                             Type                      Level
   a - Sting                          Conjuration/Poison           1
   b - Cure Poison                    Poison                       2
   c - Mephitic Cloud                 Conjuration/Poison/Air       3
   d - Olgreb's Toxic Radiance        Poison                       4
   e - Venom Bolt                     Conjuration/Poison           5
Comestibles
 c - a bread ration
 f - 2 chunks of flesh
 j - a meat ration


   Skills:
 + Level 1.9 Dodging
 + Level 1.7 Stealth
 + Level 2.3 Spellcasting
 + Level 0.4 Conjurations
 + Level 4.4 Poison Magic


You had 4 spell levels left.
You knew the following spells:

 Your Spells              Type           Power        Failure   Level  Hunger
a - Sting                 Conj/Pois      #...         10%         1    #......


Dungeon Overview and Level Annotations

Branches:
Dungeon (1/15)

Altars:


Innate Abilities, Weirdness & Mutations

Your flesh is cold resistant.
You are agile. (Dex +2)
Your body sometimes deteriorates upon taking damage.
You are occasionally teleported to nearby monsters.


Message History

f - 3 chunks of flesh (gained 1)
You see here a bat skeleton.
You now have 66 gold pieces (gained 6).
Some of the chunks of flesh in your inventory have rotted away.
i - a fuming ruby potion
k - an orange potion Drink which item? (? for menu, Esc to quit)
It was a potion of might.
You feel very mighty all of a sudden.
Drink which item? (? for menu, Esc to quit)
It was a potion of mutation.
You feel extremely strange.
You feel agile.
You feel yourself wasting away.
You feel weirdly uncertain.
Unknown command.
Welcome back, thrall606 the Demonspawn Venom Mage.
Press ? for a list of commands and other information.
Quiver which item? (- for none, * to show all) (? for menu, Esc to quit)
Okay, then.
Welcome back, thrall606 the Demonspawn Venom Mage.
Press ? for a list of commands and other information.
Are you sure you want to abandon this character and quit the game? (Confirm with "yes".)

#.##...#.......### #.....#
#.######.##.)..(.## #.....#
#........##.#.....# #.....#
#.....#..##.#>.#..####.....#
##....#..##.##..............
#.......#.....#############
#.##.##...#####............
#.......###.......#######..
####...##.@....###.......##
#...##....###............
#..###...#......#######.<
#.>.#...#.....### ###
###.#...#....## # #)#...#....##
# #.#...#.....### ###
#########.##...#..รท...#######..
#..........#....###............


There were no monsters in sight!

Vanquished Creatures
  An ooze (D:1)
  A giant gecko (D:1)
  3 hobgoblins (D:1)
  A ball python (D:1)
  2 bats (D:1)
  2 giant newts (D:1)
  3 goblins (D:1)
  2 kobolds (D:1)
  2 rats (D:1)
17 creatures vanquished.

Notes
Turn   | Place    | Note
--------------------------------------------------------------
     0 | D:1      | thrall606 the Demonspawn Venom Mage began the quest for the Orb.
     0 | D:1      | Reached XP level 1. HP: 13/13 MP: 3/3
   169 | D:1      | Gained mutation: Your flesh is cold resistant. [demonic ancestry]
   169 | D:1      | Reached XP level 2. HP: 10/19 MP: 0/5
   179 | D:1      | Upgraded the game from 0.17-a0-1636-g3119f2b to 0.17-a0-1642-gd4b747b
   844 | D:1      | Gained mutation: You are agile. (Dex +2) [potion of mutation]
   844 | D:1      | Gained mutation: Your body sometimes deteriorates upon taking damage. [potion of mutation]
   844 | D:1      | Gained mutation: You are occasionally teleported to nearby monsters. [potion of mutation]
   845 | D:1      | Quit the game

Vault maps used:
D:1:      dpeg_arrival_oval

Action                   || total
-------------------------++-------
Melee: Club              ||    17
 Cast: Sting             ||    32
  Use: Scroll            ||     4
       Potion            ||     2
